 Dungeon Crawl Stone Soup version 0.31-a0-175-g9f7f995f2b (webtiles) character file.

Game seed: 9717172664217001416

65 qw the Shooter (level 4, 0/28 HPs)
             Began as a Gargoyle Hunter on June 17, 2023.
             Slain by a goblin
             ... wielding a +0 club
             ... led by Robin
              (3 damage)
             ... on level 2 of the Dungeon.
             The game lasted 00:00:28 (967 turns).

qw the Shooter (Gargoyle Hunter)                     Turns: 967, Time: 00:00:29

Health: 0/28       AC:  6    Str: 14    XL:     4   Next: 13%
Magic:  4/4        EV: 11    Int: 10    God:
Gold:   69         SH:  0    Dex: 15    Spells: 3/3 levels left

rFire   . . .        Y - +0 shortbow
rCold   . . .        (shield currently unavailable)
rNeg    + . .        c - +0 leather armour
rPois   inf          (no helmet)
rElec   +            (no cloak)
rCorr   .            (no gloves)
SInv    .            (no boots)
Will    .....        (no amulet)
Stlth   ++           (no ring)
HPRegen 0.24/turn    (no ring)
MPRegen 0.09/turn

%: no passive effects
@: no status effects
A: sickness immunity, AC +3, negative energy resistance 1, electricity
resistance, torment resistance 1, petrification resistance
a: no special abilities


You were on level 2 of the Dungeon.
You visited 1 branch of the dungeon, and saw 2 of its levels.

You collected 69 gold pieces.


Innate Abilities, Weirdness & Mutations

You are immune to sickness and miasma.
Your stone body is resilient. (AC +3)
You are immune to poison.
You resist negative energy. (rN+)
You are resistant to electric shocks. (rElec)
You are resistant to unholy torment.
You are immune to petrification.


   Skills:
 - Level 3.0 Fighting
 + Level 5.2 Ranged Weapons
 - Level 1.5 Dodging
 - Level 1.1 Stealth


You had 3 spell levels left.
You didn't know any spells.
Your spell library was empty.

Inventory:

Hand Weapons
 Y - a +0 shortbow (weapon)
Armour
 c - a +0 leather armour (worn)
 d - the +0 pair of gloves of Lies {rN+ Will+}
   (You found it on level 2 of the Dungeon)

   rN:        It protects you from negative energy.
   Will:      It increases your willpower.
Scrolls
 a - 3 scrolls of identify
Potions
 b - 2 potions of resistance
 e - a potion of haste {unknown}
 f - a potion of brilliance {unknown}

Dungeon Overview and Level Annotations

Branches:
Dungeon (2/15)

Altars:

Annotations:
D:2 Robin


Message History

Robin roars a battlecry!
You hear a shout!
You have reached level 4!
You feel clever.
You shoot an arrow. The arrow hits the goblin!
You kill the goblin!
Robin throws the goblin at you!
A goblin comes into view. It is wielding a +0 dagger.
The goblin closely misses you.
A goblin comes into view.
It is wielding a +0 dagger and quivering poisoned darts.
The goblin barely misses you. The goblin misses you.
The goblin hits you with a +0 club. The goblin closely misses you.
The goblin hits you with a +0 club.
A hobgoblin comes into view.
The goblin hits you with a +0 club.
You shoot an arrow. The arrow hits the goblin.
You kill the goblin!
Robin roars a battlecry!
A goblin comes into view. It is wielding a +0 dagger.
The goblin hits you but does no damage. The goblin barely misses you.
The goblin hits you with a +0 club.
You hear a shout!
You shoot an arrow. The arrow hits the goblin.
You kill the goblin!
The goblin hits you with a +0 club. The goblin barely misses you.
You shoot an arrow. The arrow barely misses the gnoll.
The goblin closely misses you. The goblin barely misses you.
A gnoll comes into view. It is wielding a +0 halberd.
The gnoll hits you but does no damage.
You shoot an arrow.
The arrow hits the gnoll but does no damage.
Robin closely misses you. The goblin barely misses you. x2
The gnoll hits you with a +0 whip.
You shoot an arrow.
The arrow hits the gnoll but does no damage.
The goblin no longer looks unusually strong.
Robin roars a battlecry!
The goblin goes into a battle-frenzy!
A hobgoblin comes into view.
The goblin hits you with a +0 club.
You die...

#######.................
.............###..#.....
........###..##.#..#...
#......####.##...##.#.
#..............)###.#.
#......###.......#..#.
####................#.
##g###...........#. #@#
..........#.#.
......ggg.#.........#...
......gg.g.............#
##..###.##.[............
... #g# ..........##..
.# #g. #.........###.


#gg ..........# #. #.. ).........# ## #.......## ## You could see Robin, 3
gnolls, 2 hobgoblins and 5 goblins.

Vanquished Creatures
  An adder (D:2)
  A gnoll (D:2)
  2 worms (D:2)
  8 bats
  An endoplasm (D:1)
  3 hobgoblins
  2 jackals (D:1)
  6 kobolds
  2 quokkas (D:1)
  4 ball pythons (D:1)
  4 goblins (D:2)
  4 rats
38 creatures vanquished.

Notes
Turn   | Place    | Note
-------+----------+-------------------------------------------
     0 | D:1      | qw the Gargoyle Hunter began the quest for the Orb.
     0 | D:1      | Reached XP level 1. HP: 12/12 MP: 1/1
     0 | D:1      | 0 ||| qw: Version: 0.3-a-2-g5ab2908
     0 | D:1      | 0 ||| qw: Game counter: 348
     0 | D:1      | 0 ||| qw: Always use a shield: true
     0 | D:1      | 0 ||| qw: God list: Okawaru
     0 | D:1      | 0 ||| qw: Allow faded altars: false
     0 | D:1      | 0 ||| qw: Do Orc after D:15 true
     0 | D:1      | 0 ||| qw: Do second Lair branch before Depths: true
     0 | D:1      | 0 ||| qw: Lair rune preference: random
     0 | D:1      | 0 ||| qw: Plans: Normal, Zot:1-4, Slime:5, God:TSO, Crypt,
                  | Tomb, Abyss, Pan, Hells, Win
     0 | D:1      | 0 ||| PLANNING D:1-11
   153 | D:1      | Reached XP level 2. HP: 14/17 MP: 2/2
   252 | D:1      | Found a faded altar of an unknown god.
   338 | D:1      | Reached XP level 3. HP: 21/21 MP: 3/3
   462 | D:1      | Reached skill level 5 in Ranged Weapons
   731 | D:1      | 731 ||| READING 2 scrolls labelled SIFAPN XUGOXKY.
   732 | D:1      | 732 ||| DROPPING scroll of butterflies.
   892 | D:2      | Identified the +0 pair of gloves of Lies {rN+ Will+}
   956 | D:2      | Reached skill level 3 in Fighting
   956 | D:2      | Noticed Robin
   962 | D:2      | Reached XP level 4. HP: 19/28 MP: 4/4
   964 | D:2      | HP: 7/28 [goblin/+0 club (2)]
   966 | D:2      | HP: 2/28 [gnoll/+0 whip (5)]
   967 | D:2      | Slain by a goblin

Levels and vault maps discovered:
D:1:      dpeg_arrival_castle, layout_basic, serial_forest,
          infiniplex_forest_lined_2, infiniplex_forest_side_room,
          infiniplex_forest_corner_1, infiniplex_forest_clump_long,
          infiniplex_forest_clump_small, hellmonk_ecumenical_altar_slurped_away
D:2:      layout_rooms, uniq_robin

Skill      XL: |  1  2  3 |
---------------+----------+-----
Ranged Weapons | 5 |  5.2
Fighting       | 3 |  3.0
Dodging        | |  1.5
Stealth        | |  1.1

Action                     |  1- 3 |  4- 6 || total
---------------------------+-------+-------++-------
   Fire: Shortbow          |   136 |     6 ||   142
    Use: Scroll            |     1 |       ||     1
 Armour: Leather armour    |    55 |     2 ||    57
  Dodge: Dodged            |    82 |    11 ||    93

Table legend:
 A = Non-vault XP
 B = Vault XP
 C = Vault XP percentage of total XP
 D = Non-vault monster count
 E = Vault monster count
 F = Vault count percentage of total count
                 A         B        C        D         E       F
            +---------+---------+-------+---------+---------+-------
      Total |      82 |      11 |  11.8 |      32 |       6 |  15.8
            +---------+---------+-------+---------+---------+-------
        D:1 |      39 |       2 |   4.9 |      23 |       1 |   4.2
        D:2 |      43 |       9 |  17.3 |       9 |       5 |  35.7
            +---------+---------+-------+---------+---------+-------
